 Dungeon Crawl Stone Soup version 0.21-a0-185-g3a6ed1e (webtiles) character file.

3405 Lavandula the Cleaver (level 10, 50/70 HPs)
             Began as a Formicid Artificer on Aug 11, 2017.
             Was an Initiate of Gozag.
             Quit the game on level 13 of the Dungeon.
             The game lasted 00:38:38 (5232 turns).

Lavandula the Cleaver (Formicid Artificer)          Turns: 5232, Time: 00:38:38

Health: 50/70      AC:  7    Str: 17    XL:     10   Next: 24%
Magic:  18/18      EV: 17    Int: 12    God:    Gozag
Gold:   341        SH:  0    Dex: 13    Spells: 14/20 levels left

rFire    + . .     SeeInvis +   G - +2 dagger (venom)
rCold    + . .     Gourm    .   (no shield)
rNeg     . . .     Faith    .   B - +2 robe {MR+}
rPois    .         Spirit   .   (helmet unavailable)
rElec    .         Reflect  .   M - scarf {rC+ rF+}
rCorr    .         Harm     .   (no gloves)
MR       ++...                  (no boots)
Stlth    ++........             (no amulet)
HPRegen  0.21/turn              n - +3 ring of protection
MPRegen  0.16/turn              A - +5 ring of evasion

@: no status effects
A: permanent stasis, dig shafts and tunnels, four strong arms, antennae 3
a: Dig, Shaft Self, Potion Petition, Call Merchant, Bribe Branch, Renounce
Religion


You were on level 13 of the Dungeon.
You worshipped Gozag.
Gozag was aware of your devotion.
You were not hungry.

You visited 1 branch of the dungeon, and saw 11 of its levels.
You also visited: Sewer and Ossuary.

You collected 1267 gold pieces.
You spent 876 gold pieces at shops.
You paid 50 gold pieces to Gozag.

Inventory:

Hand Weapons
 s - a +0 hand axe
 G - a +2 dagger of venom (weapon)
 L - a +0 battleaxe
Armour
 b - a +0 leather armour
 x - a +0 shield
 B - a +2 robe of magic resistance (worn)
 E - a +2 ring mail of poison resistance
 M - a scarf of resistance (worn)
 N - a +3 chain mail
Jewellery
 j - a +2 ring of dexterity
 n - a +3 ring of protection (left hand)
 y - an uncursed ring of stealth
 A - a +5 ring of evasion (right hand)
 O - an uncursed ring of protection from magic
Wands
 c - a wand of flame (8/48)
 d - a wand of enslavement (0/24)
 e - a wand of random effects (0/48)
 w - a wand of digging (16/24)
Scrolls
 a - a scroll of torment {unknown}
 f - a scroll of enchant armour {unknown}
 h - a scroll of magic mapping
 p - a scroll of amnesia {unknown}
 r - 5 scrolls of remove curse
 v - a scroll of noise {unknown}
 z - a scroll of vulnerability {unknown}
 D - a scroll of immolation
 H - a scroll of enchant weapon {unknown}
 J - a scroll of fog {unknown}
Potions
 g - 3 potions of haste {unknown}
 i - 4 potions of curing
 k - 2 potions of resistance {unknown}
 l - a potion of mutation {unknown}
 m - 8 potions of heal wounds
 o - 3 potions of flight {unknown}
 t - a potion of might {unknown}
 u - 2 potions of magic {unknown}
 F - a potion of brilliance {unknown}
 I - a potion of agility {unknown}
 K - a potion of ambrosia {unknown}
Books
 C - the Compendium of Augmentations and Orientation
   (You bought it in a shop on level 6 of the Dungeon)

   Spells                             Type                      Level
   a - Infusion                       Charms                       1
   b - Apportation                    Translocation                1
   c - Shroud of Golubria             Charms/Translocation         2
   d - Ozocubu's Armour               Charms/Ice                   3
   e - Regeneration                   Charms/Necromancy            3
   f - Spectral Weapon                Hexes/Charms                 3
   g - Deflect Missiles               Charms/Air                   6
Comestibles
 q - a fruit


   Skills:
 - Level 3.1 Fighting
 + Level 6.6 Short Blades
 - Level 9.4 Axes
 - Level 2.2 Dodging
 - Level 1.2 Stealth
 - Level 5.6 Spellcasting
 - Level 3.7 Charms
 - Level 0.8 Necromancy
 - Level 3.2 Evocations


You had 14 spell levels left.
You knew the following spells:

 Your Spells              Type           Power        Failure   Level  Hunger
a - Apportation           Tloc           #.....       19%         1    None
b - Shroud of Golubria    Chrm/Tloc      #.........   13%         2    ##.....
c - Regeneration          Chrm/Necr      #.........   22%         3    ###....


Dungeon Overview and Level Annotations

Branches:
Dungeon (13/15)              Lair (0/6) D:8
 Temple: D:4-7          Orc: D:9-12      Vaults: D:13-14

Altars:
Fedhas
Gozag
Nemelex Xobeh
Okawaru
Qazlal
Ru
Vehumet

Shops:
D:5 =   D:6 }:*

Annotations:
D:2 Terence
D:4 Duffy's ghost, novice DsFi
D:5 Prince Ribbit
D:6 exclusion: upstairs
D:7 Duvessa
D:8 Erica
D:13 exclusion: hydra


Innate Abilities, Weirdness & Mutations

You cannot be hasted, slowed, berserked, paralysed or teleported.
You can dig through walls and to a lower floor.
Your four strong arms can wield two-handed weapons with a shield.
You have a pair of large antennae on your head. (SInv)


Message History

No target in view!
You now have 333 gold pieces (gained 6).
You see here a runed whip.
You now have 341 gold pieces (gained 8).
A four-headed hydra comes into view.
You see here a scroll of identify.
Press: ? - help, v - describe, . - travel
Here: a four-headed hydra (resting)
The floor.
Placed new exclusion.
Found a scroll labeled RYITSILUUM.
Found a stone staircase leading up.
A centaur comes into view.
The centaur wields a runed shortbow.
It is covered in frost.
The centaur shoots an arrow.
The arrow hits you!
You see here an arrow.
A centaur comes into view.
You start resting.
You sense a monster nearby.
Okay, then.
Are you sure you want to abandon this character and quit the game? (Confirm with "yes".)

###################
#..........(..{?.cc
$
#..<...............
#..#####..####..###
#.@# ..#
#..####..####
#............
#............
#.............#
#####.............#
..................#
..................#
...................#


There were no monsters in sight!

Vanquished Creatures
  An elephant (D:8)
  A troll (D:9)
  Grinder (D:5)
  3 orc warriors
  A soldier ant (shapeshifter) (D:13)
  A phantom (D:5)
  A sky beast (D:7)
  An ice beast (D:5)
  A black bear (D:9)
  An ogre (D:6)
  A crocodile (D:13)
  A centaur (D:6)
  A howler monkey (D:4)
  2 bullfrogs (Sewer)
  A scorpion (D:7)
  Dowan (D:7)
  3 killer bees (D:8)
  2 wights (D:6)
  A bullfrog zombie (D:6)
  2 crimson imps
  A human zombie (D:6)
  2 orc priests
  A centaur skeleton (D:9)
  2 hounds
  A gnoll shaman (D:6)
  2 jellies
  2 orc wizards
  A bullfrog skeleton (D:9)
  2 worker ants (D:6)
  13 mummies (Ossuary)
  5 gnolls
  6 adders
  A howler monkey skeleton (D:9)
  2 shadow imps
  12 oozes
  A dart slug (D:1)
  8 leopard geckos
  15 orcs
  3 bats
  14 giant cockroaches
  A goblin (D:2)
  4 hobgoblins
  A quokka (D:3)
  15 ball pythons
  15 frilled lizards
  A gnoll skeleton (Ossuary)
  3 goblin skeletons (Ossuary)
  2 kobolds (D:1)
  2 kobold skeletons (Ossuary)
  A kobold zombie (D:6)
  A leopard gecko skeleton (D:6)
  An orc skeleton (Ossuary)
  A quokka skeleton (D:6)
  6 rats
  11 rat skeletons (Ossuary)
186 creatures vanquished.

Vanquished Creatures (collateral kills)
  A phantom (D:6)
  A bullfrog zombie (D:6)
  2 worker ants (D:4)
  An adder (D:5)
  A dart slug (D:2)
  An orc (D:6)
  A hobgoblin (D:2)
  A quokka (D:5)
  A frilled lizard (D:4)
10 creatures vanquished.

Vanquished Creatures (others)
  A wight (D:6)
  A hound (D:4)
  An adder (D:4)
  A shadow imp (D:5)
  A kobold skeleton (Ossuary)
5 creatures vanquished.

Grand Total: 201 creatures vanquished

Notes
Turn   | Place    | Note
-------+----------+-------------------------------------------
     0 | D:1      | Lavandula the Formicid Artificer began the quest for the Orb.
     0 | D:1      | Reached XP level 1. HP: 15/15 MP: 3/3
   208 | D:1      | Reached XP level 2. HP: 21/22 MP: 4/4
   346 | D:2      | Noticed Terence
   365 | D:2      | Found a faded altar of an unknown god.
   491 | D:3      | Reached XP level 3. HP: 26/29 MP: 5/5
   601 | D:3      | Found a blossoming altar of Fedhas.
   735 | D:3      | Reached skill level 1 in Axes
   763 | D:3      | Reached XP level 4. HP: 35/35 MP: 6/6
   821 | D:3      | Reached skill level 2 in Axes
  1049 | D:4      | Reached XP level 5. HP: 37/41 MP: 7/7
  1067 | D:4      | Reached skill level 3 in Axes
  1069 | D:4      | Killed a howler monkey
  1072 | D:4      | Reached skill level 4 in Axes
  1084 | D:4      | Noticed Duffy's ghost (novice DsFi)
  1211 | D:4      | Reached XP level 6. HP: 47/47 MP: 8/8
  1233 | D:5      | Entered Level 5 of the Dungeon
  1254 | D:5      | Found a radiant altar of Vehumet.
  1254 | D:5      | Found a sparkling altar of Nemelex Xobeh.
  1258 | D:5      | Found an opulent altar of Gozag.
  1258 | D:5      | Found an iron altar of Okawaru.
  1280 | D:5      | Became a worshipper of Gozag Ym Sagoz the Greedy
  1399 | D:5      | Reached skill level 5 in Axes
  1431 | D:5      | Noticed a phantom
  1518 | D:5      | Killed a phantom
  1518 | D:5      | Reached XP level 7. HP: 30/52 MP: 9/9
  1542 | D:5      | Found a glowing drain.
  1582 | Sewer    | Entered a sewer
  1739 | Sewer    | Reached skill level 6 in Axes
  2155 | Sewer    | Reached skill level 7 in Axes
  2202 | D:5      | Reached XP level 8. HP: 40/58 MP: 10/10
  2223 | D:5      | Found Ziqenujets's Jewellery Shoppe.
  2383 | D:5      | Noticed Grinder
  2394 | D:5      | Killed Grinder
  2394 | D:5      | Reached skill level 8 in Axes
  2417 | D:5      | Noticed Prince Ribbit
  2438 | D:6      | Found Baovuapn's Book Emporium.
  2453 | D:6      | Reached skill level 9 in Axes
  2487 | D:6      | Bought the Compendium of Augmentations and Orientation for 556 gold pieces
  2490 | D:6      | Learned a level 1 spell: Apportation
  2493 | D:6      | Learned a level 2 spell: Shroud of Golubria
  2497 | D:6      | Learned a level 3 spell: Regeneration
  2504 | D:6      | Found Baseydok's General Store.
  2536 | D:6      | Reached skill level 1 in Charms
  2672 | D:6      | Found Lafualie's Gadget Shoppe.
  2955 | D:6      | Found a sand-covered staircase.
  2984 | D:6      | Reached XP level 9. HP: 44/63 MP: 11/11
  3000 | Ossuary  | Entered an ossuary
  3309 | Ossuary  | Reached skill level 1 in Spellcasting
  3872 | D:6      | Bought a scarf of resistance for 320 gold pieces
  4061 | D:7      | Noticed Dowan
  4064 | D:7      | Noticed Duvessa
  4088 | D:7      | Killed Dowan
  4088 | D:7      | Reached skill level 5 in Spellcasting
  4402 | D:8      | Found a stormy altar of Qazlal.
  4437 | D:8      | Found a staircase to the Lair.
  4437 | D:8      | Noticed an elephant
  4492 | D:8      | Killed an elephant
  4492 | D:8      | Reached XP level 10. HP: 18/70 MP: 18/18
  4527 | D:8      | Noticed Erica
  4801 | D:9      | Found a sacrificial altar of Ru.
  4849 | D:9      | Reached skill level 5 in Short Blades
  5154 | D:10     | Entered Level 10 of the Dungeon
  5154 | D:10     | Noticed a two-headed ogre
  5155 | D:10     | Upgraded the game from 0.21-a0-184-g9126a74 to 0.21-a0-185-g3a6ed1e
  5158 | D:10     | You fall through a shaft for 3 floors!
  5210 | D:13     | Noticed a four-headed hydra
  5232 | D:13     | Quit the game

Vault maps used:
D:1:      grunt_arrival_crossed_arrows
D:2:      lemuel_crystal_altar, chequers_ecumenical_altar_island, uniq_natasha,
          uniq_terence
D:3:      minmay_tree_intersection, tgw_fedhas
D:4:      temple_statues, uniq_crazy_yiuf_cottage, uniq_eustachio
D:5:      nicolae_overflow_hidden_temple, portal_sewer_entry_d, first_bread,
          serial_shops, shop_fountains, hangedman_decor_push,
          serial_bayou_ford_a, uniq_grinder, uniq_prince_ribbit1
D:6:      minmay_diamond_boxcup, enter_ossuary_3, serial_shops,
          kennysheep_little_box, nicolae_shop_competitors_out_of_business,
          nicolae_shop_crystal, uniq_sigmund
D:7:      uniq_duvessa
D:8:      david_lair_generic, roderic_serpentine_path, david_defended_altar_elf,
          uniq_pikel, uniq_erica, uniq_maurice
D:9:      basic_altar
D:10:     minmay_orc_entry_temple_small, enter_trove_2
D:13:     the_bakery, uniq_urug
Sewer:    sewer_frog_island_02
Ossuary:  ossuary_due_small_catacomb

Skill      XL: |  1  2  3  4  5  6  7  8  9 10 |
---------------+-------------------------------+-----
Fighting       | 2 3 |  3.1
Dodging        | 2 |  2.2
Axes           | 1 2 4 5 7 9 |  9.4
Charms         | 3 |  3.7
Spellcasting   | 5 |  5.6
Short Blades   | 4 6 |  6.6
Stealth        | |  1.2
Necromancy     | |  0.8
Evocations     | |  3.2

Action                   |  1- 3 |  4- 6 |  7- 9 | 10-12 || total
-------------------------+-------+-------+-------+-------++-------
Melee: Short sword       |    83 |    48 |    65 |       ||   196
       Hand axe          |    10 |    83 |   569 |    24 ||   686
       Dagger            |       |       |    23 |    45 ||    68
       Battleaxe         |       |       |     9 |       ||     9
 Cast: Regeneration      |       |       |    13 |     2 ||    15
 Abil: Dig               |     2 |     2 |     4 |       ||     8
       Shaft Self        |       |       |       |     1 ||     1
Evoke: Wand              |     4 |    11 |    22 |       ||    37
  Use: Scroll            |       |     4 |     1 |     2 ||     7
       Potion            |       |       |     1 |       ||     1
 Stab: Sleeping          |     3 |       |     3 |     2 ||     8
       Paralysed         |       |       |     5 |       ||     5
       Distracted        |       |       |     3 |     1 ||     4
  Eat: Chunk             |       |     2 |       |       ||     2
       Bread ration      |       |       |     2 |       ||     2
       Royal jelly       |       |       |     1 |       ||     1
       Fruit             |       |       |     3 |       ||     3
       Meat ration       |       |       |       |     1 ||     1
Armor: Leather armour    |    28 |    24 |    61 |       ||   113
       Ring mail         |       |       |    20 |       ||    20
       Robe              |       |       |    16 |     6 ||    22
Dodge: Dodged            |    51 |   105 |   456 |    56 ||   668
